 Dungeon Crawl Stone Soup version 0.23.2 (webtiles) character file.

Game seed: 13368678457938492942

77 sagitran the Skirmisher (level 4, -6/37 HPs)
             Began as a Demonspawn Chaos Knight on Mar 31, 2019.
             Was a Plaything of Xom.
             Mangled by Sigmund
             ... wielding a +0 scythe
              (7 damage)
             ... on level 3 of the Dungeon.
             The game lasted 00:07:35 (1613 turns).

sagitran the Skirmisher (Demonspawn Chaos Knight)   Turns: 1613, Time: 00:07:40

Health: -6/37      AC:  8    Str: 14    XL:     4   Next: 13%
Magic:  4/4        EV: 11    Int: 13    God:    Xom [......]
Gold:   112        SH:  0    Dex: 12    Spells: 3/3 levels left

rFire    . . .     SeeInvis .   a - +0 falchion (chaos)
rCold    . . .     Gourm    .   (no shield)
rNeg     . . .     Faith    .   b - +2 leather armour
rPois    .         Spirit   .   h - +2 helmet
rElec    .         Reflect  .   (no cloak)
rCorr    .         Harm     .   (no gloves)
MR       .....                  (no boots)
Stlth    +.........             (no amulet)
HPRegen  0.12/turn              e - ring of flight
MPRegen  0.09/turn              (no ring)

@: no status effects
A: hooves 1, rot immunity
a: Renounce Religion, Evoke Flight


You were on level 3 of the Dungeon.
You worshipped Xom.
You were a very special plaything of Xom.
You were not hungry.

You visited 1 branch of the dungeon, and saw 3 of its levels.

You collected 112 gold pieces.

Inventory:

Hand Weapons
 a - a +0 falchion of chaos (weapon)
Armour
 b - a +2 leather armour (worn)
 h - a +2 helmet (worn)
Jewellery
 e - a ring of flight (left hand)
Scrolls
 d - a scroll of fog {unknown}
 i - 2 scrolls of remove curse {unknown}
 j - a scroll of amnesia
Comestibles
 c - 2 rations


   Skills:
 + Level 3.7 Fighting
 + Level 3.6 Long Blades
 + Level 2.1 Armour
 + Level 1.3 Dodging


You had 3 spell levels left.
You didn't know any spells.
Your spell library was empty.

Dungeon Overview and Level Annotations

Branches:
Dungeon (3/15)

Altars:

Annotations:
D:3 Sigmund


Innate Abilities, Weirdness & Mutations

You have large cloven feet.
You are immune to rotting.


Message History

You barely miss something. Something hits you.
* * * LOW HITPOINT WARNING * * *
You swing at nothing.
You hear some strange, mumbled words.
A magic dart appears from out of thin air!
The magic dart hits you.
* * * LOW HITPOINT WARNING * * *
Something hits you but does no damage.
You swing at nothing.
Something hits you.
* * * LOW HITPOINT WARNING * * *
You aren't carrying any potions.
You're too confused!
You swing at nothing.
Something hits you but does no damage.
You swing at nothing.
You feel less wooden.
Your +2 helmet unmelds from your body.
Your +2 leather armour unmelds from your body.
You feel less confused. Something hits you!
You die...

###### .....#
####.# # ##
..##.####....
..
#.........#
#.
####.######
#. ...<.# #.
..####
##.#### ..#
#.{@..# ..#
#.###.# .##
#. #># #
#.###.#
#..†..#
###.### ##
#.# .# #.# .#
###.#


There were no monsters in sight!

Vanquished Creatures
  An adder (D:2)
  An ooze (D:2)
  2 worms (D:2)
  2 dart slugs
  A leopard gecko (D:3)
  4 bats
  2 giant cockroaches (D:1)
  8 goblins
  7 hobgoblins
  A quokka (D:2)
  A ball python (D:1)
  6 frilled lizards
  8 kobolds
  9 rats
53 creatures vanquished.

Notes
Turn   | Place    | Note
-------+----------+-------------------------------------------
     0 | D:1      | sagitran the Demonspawn Chaos Knight began the quest for
                  | the Orb.
     0 | D:1      | Reached XP level 1. HP: 18/18 MP: 1/1
   196 | D:1      | Gained mutation: You have large cloven feet. [demonic
                  | ancestry]
   196 | D:1      | Reached XP level 2. HP: 24/24 MP: 2/2
   413 | D:1      | XOM: harmless Necr miscast
   476 | D:1      | Reached skill level 1 in Dodging
   785 | D:2      | Reached XP level 3. HP: 29/29 MP: 3/3
  1173 | D:2      | XOM: summons 2 hostile shadow creatures
  1350 | D:2      | Gained mutation: You are immune to rotting. [demonic
                  | ancestry]
  1350 | D:2      | Reached XP level 4. HP: 37/37 MP: 4/4
  1582 | D:3      | Noticed Sigmund
  1611 | D:3      | HP: 2/55 [something (4)]
  1613 | D:3      | Mangled by Sigmund

Skill      XL: |  1  2 |
---------------+-------+-----
Armour         | 2 |  2.1
Long Blades    | 3 |  3.6
Dodging        | 1 |  1.3
Fighting       | |  3.7

Action                   |  1- 3 |  4- 6 || total
-------------------------+-------+-------++-------
Melee: Falchion          |   103 |    19 ||   122
       Kick              |    19 |     2 ||    21
  Use: Scroll            |     4 |       ||     4
       Potion            |       |     4 ||     4
  Eat: Chunk             |     1 |     1 ||     2
Armor: Leather armour    |    43 |       ||    43
       Skin              |       |    12 ||    12
Dodge: Dodged            |    78 |     6 ||    84
       Rpst.: Falchion   |    23 |     4 ||    27
